 Dungeon Crawl Stone Soup version 0.32-a0-928-g1cae6b7ea0 (webtiles) character file.

Game seed: 18183665334948799276

15470 Doorstop00 the Basher (level 12, -3/75 HPs)
             Began as a Gargoyle Fighter on Apr 12, 2024.
             Was the Champion of Okawaru.
             Slain by a snapping turtle (16 damage)
             ... on level 2 of the Lair of Beasts.
             The game lasted 00:42:24 (11250 turns).

Doorstop00 the Basher (Gargoyle Fighter)           Turns: 11250, Time: 00:42:24

Health: -3/75      AC: 29    Str: 23    XL:     12   Next: 27%
Magic:  0/15       EV:  7    Int: 11    God:    Okawaru [******]
Gold:   562        SH:  6    Dex: 15    Spells: 11/11 levels left

rFire   . . .        D - +0 morningstar (drain)
rCold   . . .        c - +0 buckler
rNeg    + . .        m - +3 plate armour {Will+}
rPois   ∞            y - +1 helmet
rElec   +            (no cloak)
rCorr   +            (no gloves)
SInv    .            i - +0 pair of boots
Will    +....        s - amulet of guardian spirit Stlth
                     p - +6 ring of dexterity
HPRegen 0.32/turn    j - ring of resist corrosion
MPRegen 0.14/turn

%: guardian spirit
@: no status effects
A: sickness immunity, AC +8, negative energy resistance 1, electricity
resistance, torment resistance 1, petrification resistance
a: Renounce Religion, Heroism, Finesse, Duel, Receive Weapon, Receive Armour


You were on level 2 of the Lair of Beasts.
You worshipped Okawaru.
Okawaru was exalted by your worship.
You visited 3 branches of the dungeon, and saw 13 of its levels.

You collected 562 gold pieces.

Inventory:

Hand Weapons
 a - a +0 heavy flail
 D - a +0 morningstar of draining (weapon)
Missiles
 B - 21 poisoned darts
 C - 3 darts of dispersal (quivered)
Armour
 c - a +0 buckler (worn)
 i - a +0 pair of boots (worn)
 m - a +3 plate armour of willpower (worn)
 y - a +1 helmet (worn)
Jewellery
 j - a ring of resist corrosion (right hand)
 n - a ring of magical power
 p - a +6 ring of dexterity (left hand)
 s - an amulet of guardian spirit (around neck)
Wands
 h - a wand of mindburst (13)
 F - a wand of flame (12)
 K - a wand of iceblast (5)
 L - a wand of quicksilver (4)
Scrolls
 b - a scroll of immolation
 k - a scroll of fear
 l - 2 scrolls of revelation
 o - a scroll of vulnerability {unknown}
 t - 2 scrolls of enchant weapon {unknown}
 u - 2 scrolls of amnesia
 w - 4 scrolls of teleportation
 z - a scroll of fog {unknown}
 A - a scroll of summoning {unknown}
 E - a scroll of enchant armour {unknown}
 J - a scroll of poison {unknown}
Potions
 d - 2 potions of might
 e - a potion of mutation
 f - 4 potions of lignification
 g - 9 potions of curing
 q - 4 potions of brilliance
 r - a potion of attraction
 v - 2 potions of berserk rage
 x - 3 potions of enlightenment
 G - a potion of heal wounds
 H - 2 potions of invisibility
 I - a potion of resistance
 M - 2 potions of haste


   Skills:
 * Level 8.6 Fighting
 * Level 12.0 Maces & Flails
 + Level 0.1 Throwing
 * Level 9.1 Armour
 * Level 4.7 Dodging
 + Level 1.3 Stealth
 * Level 9.7 Shields
 * Level 4.0 Invocations
 * Level 3.6 Evocations


You had 11 spell levels left.
You didn't know any spells.
Your spell library contained the following spells:

 Spells                   Type           Power      Damage    Failure   Level
 Sting                    Conj/Alch      0%         1d3       99%         1
 Blink                    Tloc           0%         N/A       100%        2
 Lesser Beckoning         Tloc           0%         N/A       100%        2
 Mercury Vapours          Alch/Air       0%         N/A       100%        2
 Momentum Strike          Conj/Tloc      0%         3d8       100%        2
 Scorch                   Fire           0%         2d5       100%        2
 Anguish                  Hex/Necr       0%         N/A       100%        4
 Cause Fear               Hex            0%         N/A       100%        4
 Flame Wave               Conj/Fire      0%         2d4       100%        4
 Olgreb's Toxic Radiance  Alch           0%         N/A       100%        4
 Enfeeble                 Hex            0%         N/A       100%        7
 Summon Cactus Giant      Summ           Unusable   N/A       N/A         6

Dungeon Overview and Level Annotations

Branches:
Dungeon (10/15)            Temple (1/1) D:4            Lair (2/5) D:10
 Shoals (0/4) Lair:2        Snake (0/4) Lair:2
    Orc: D:9-12

Altars:
Ashenzari
Cheibriados
Dithmenos
Elyvilon
Fedhas
Gozag
Hepliaklqana
Kikubaaqudgha
Makhleb
Nemelex Xobeh
Okawaru
Qazlal
Ru
Sif Muna
Trog
Uskayaw
Vehumet
Wu Jian
Xom
Yredelemnul
Zin
The Shining One

Shops:
D:6 [

Annotations:
D:8 3 runed translucent doors
D:9 3 runed translucent doors, Biggs's ghost, journeyman CoHu
D:10 1 runed translucent door


Innate Abilities, Weirdness & Mutations

You are immune to sickness and miasma.
Your stone body is resilient. (AC +8)
You are immune to poison.
You resist negative energy. (rN+)
You are resistant to electric shocks. (rElec)
You are resistant to unholy torment.
You are immune to petrification.


Message History

You hit the yak. You drain the yak.
The yak is heavily wounded.
You block the yak's attack.
You closely miss the yak.
The yak is heavily wounded.
The yak gores you but does no damage. You block the snapping turtle's attack.
You hit the yak but do no damage.
The yak is heavily wounded.
You block the yak's attack.
The snapping turtle bites you but does no damage.
You hit the yak.
The yak is severely wounded.
You block the yak's attack.
You barely miss the yak.
The yak is severely wounded.
The snapping turtle bites you but does no damage.
You block the yak's attack.
You sock the yak!
The yak is almost dead.
The snapping turtle bites you from afar.
* * * LOW HITPOINT WARNING * * *
The yak gores you.
* * * LOW HITPOINT WARNING * * *
You sock the yak!
You kill the yak!
Okawaru accepts your kill. The snapping turtle barely misses you.
Things that are here:
a yak corpse; a death yak corpse You hit the snapping turtle.
You drain the snapping turtle.
The snapping turtle is lightly wounded.
You block the snapping turtle's attack.
You hit the snapping turtle but do no damage.
The snapping turtle is lightly wounded.
The snapping turtle bites you.
* * * LOW HITPOINT WARNING * * *
You hit the snapping turtle.
The snapping turtle is moderately wounded.
The snapping turtle bites you!!
You die...

...............................
...............................
...............................
....................~~~.~~~....
##.....#.####.#....~~~~.~≈~~...
#......###P##.###.~~≈##†##≈~~..
##.....##......##.~≈##...##~~..
#......##.......#.~~#.....#~~..
.#......#......#@.~≈#..>..# ~..
##.†...#.......##t~~#.....# ..
.#......#......##.~~##...##
###.#...#####..##.~~≈##### #
##....# #.##P..~~~≈ .# ##..##
### P...~~~~ .# #...# ....P#...
.# #..[# .......... ..# ##..#


You could see a snapping turtle (drained).

Vanquished Creatures
  A two-headed ogre (D:9)
  3 death yaks (Lair:2)
  2 oklob plants (D:10)
  A black mamba (Lair:2)
  2 kobold demonologists (D:10)
  2 komodo dragons (Lair:1)
  2 hornets (D:9)
  A shadow (D:10)
  31 yaks
  A water elemental (Lair:2)
  3 steam dragons (D:9)
  10 water moccasins
  2 ice beasts
  A sky beast (D:8)
  A black bear (D:7)
  An ogre (D:7)
  4 centaurs
  6 kobold brigands
  2 gnoll sergeants
  8 bullfrogs
  3 scorpions
  9 wights
  16 killer bees
  2 electric eels
  2 howler monkeys (D:10)
  2 bombardier beetles
  4 hounds
  2 gnoll boudas
  3 jellies
  8 orc priests
  2 sleepcaps (D:6)
  6 iguanas
  3 orc wizards
  9 gnolls
  10 adders
  A shadow imp (D:6)
  A white imp (D:6)
  2 ufetubi (D:4)
  A dart slug (D:2)
  2 ribbon worms (D:3)
  23 orcs
  7 endoplasms
  4 giant cockroaches
  12 goblins
  2 hobgoblins
  7 jackals (D:1)
  4 quokkas
  6 ball pythons
  5 bats
  2 frilled lizards
  31 kobolds
  3 rats
278 creatures vanquished.

Notes
Turn   | Place    | Note
-------+----------+-------------------------------------------
     0 | D:1      | Doorstop00 the Gargoyle Fighter began the quest for the
                  | Orb.
     0 | D:1      | Reached XP level 1. HP: 14/14 MP: 1/1
    71 | D:1      | Reached XP level 2. HP: 18/19 MP: 2/2
   342 | D:1      | Reached XP level 3. HP: 22/23 MP: 3/3
   689 | D:2      | Found a faded altar of an unknown god.
   746 | D:2      | Reached skill level 1 in Dodging
   746 | D:2      | Reached XP level 4. HP: 26/28 MP: 4/4
  1148 | D:3      | Reached skill level 3 in Maces & Flails
  1735 | D:3      | Reached XP level 5. HP: 31/33 MP: 5/5
  1995 | D:4      | Found an ancient bone altar of Kikubaaqudgha.
  2096 | D:4      | Reached skill level 4 in Maces & Flails
  2096 | D:4      | Reached XP level 6. HP: 36/38 MP: 6/6
  2200 | D:4      | Found a staircase to the Ecumenical Temple.
  2216 | Temple   | Entered the Ecumenical Temple
  2361 | Temple   | Became a worshipper of Warmaster Okawaru
  2501 | D:5      | Entered Level 5 of the Dungeon
  3087 | D:4      | Reached XP level 7. HP: 23/43 MP: 7/7
  3211 | D:4      | Reached skill level 5 in Maces & Flails
  3262 | D:5      | Reached skill level 5 in Armour
  3400 | D:5      | Reached * piety under Okawaru
  3581 | D:5      | Found a glowing silver altar of Zin.
  4122 | D:6      | Reached skill level 5 in Shields
  4122 | D:6      | Reached XP level 8. HP: 45/48 MP: 8/8
  4149 | D:6      | Found Zeatz's Antique Armour Shop.
  4184 | D:6      | Reached ** piety under Okawaru
  4454 | D:6      | Reached skill level 6 in Maces & Flails
  4460 | D:6      | Reached skill level 1 in Stealth
  4511 | D:6      | Found a stormy altar of Qazlal.
  4542 | D:6      | Found a basalt altar of Yredelemnul.
  5138 | D:7      | Identified the +4 falchion of Diamiqe {speed, rCorr MP+9}
  5242 | D:7      | Reached XP level 9. HP: 37/53 MP: 9/9
  5300 | D:7      | Found an opulent altar of Gozag.
  5513 | D:7      | Found a white marble altar of Elyvilon.
  5597 | D:7      | Reached *** piety under Okawaru
  5649 | D:7      | Reached skill level 5 in Fighting
  5649 | D:7      | Reached skill level 7 in Maces & Flails
  6378 | D:8      | Reached skill level 8 in Maces & Flails
  6386 | D:8      | Reached **** piety under Okawaru
  6396 | D:8      | Reached XP level 10. HP: 58/60 MP: 8/10
  6463 | D:8      | Found a runed translucent gate.
  6464 | D:8      | Found a runed translucent gate.
  6465 | D:8      | Found a runed translucent gate.
  6474 | D:8      | Noticed a glowing orange brain
  6474 | D:8      | Noticed a cyan ugly thing
  6474 | D:8      | Noticed a white ugly thing
  6475 | D:8      | Noticed a purple ugly thing
  6476 | D:8      | Noticed a purple ugly thing
  6732 | D:8      | Reached skill level 9 in Maces & Flails
  7390 | D:9      | Identified the +1 leather armour of Dramatic Exits {rC-
                  | Str+8 Dex+6 Stlth-}
  7406 | D:9      | Noticed a two-headed ogre
  7426 | D:9      | Killed a two-headed ogre
  7427 | D:9      | Reached skill level 1 in Invocations
  7432 | D:9      | Reached skill level 1 in Evocations
  8074 | D:9      | Reached ***** piety under Okawaru
  8081 | D:9      | Found a runed translucent gate.
  8081 | D:9      | Found a runed translucent gate.
  8081 | D:9      | Found an opulent altar of Gozag.
  8081 | D:9      | Found a runed translucent gate.
  8082 | D:9      | Noticed Biggs's ghost (journeyman CoHu)
  8206 | D:9      | a spriggan changed into a meliai
  8206 | D:9      | Noticed a meliai (shapeshifter)
  8386 | D:9      | Noticed a harpy
  8390 | D:9      | a harpy changed into a tengu
  8421 | D:10     | Entered Level 10 of the Dungeon
  8456 | D:10     | Reached skill level 10 in Maces & Flails
  8529 | D:10     | Reached XP level 11. HP: 62/67 MP: 10/12
  8556 | D:10     | Received a gift from Okawaru
  8863 | D:10     | Found a staircase to the Lair.
  8863 | D:10     | Noticed an oklob plant
  8863 | D:10     | Noticed an oklob plant
  8869 | D:10     | Killed an oklob plant
  9146 | D:10     | Received a gift from Okawaru
  9384 | D:10     | Killed an oklob plant
  9385 | D:10     | Reached skill level 11 in Maces & Flails
  9471 | D:10     | Noticed a sixfirhy
  9533 | D:10     | Found a glowing golden altar of the Shining One.
  9606 | D:10     | Found a runed translucent door.
  9610 | D:10     | Noticed a fire crab
  9992 | Lair:1   | Entered Level 1 of the Lair of Beasts
 10785 | Lair:2   | Found a staircase to the Snake Pit.
 11038 | Lair:2   | Received a gift from Okawaru
 11039 | Lair:2   | Reached XP level 12. HP: 61/74 MP: 10/14
 11112 | Lair:2   | Noticed a death yak
 11112 | Lair:2   | Noticed a death yak
 11113 | Lair:2   | Noticed a death yak
 11131 | Lair:2   | Killed a death yak
 11133 | Lair:2   | Killed a death yak
 11139 | Lair:2   | Killed a death yak
 11192 | Lair:2   | Found a staircase to the Shoals.
 11198 | Lair:2   | Reached ****** piety under Okawaru
 11238 | Lair:2   | Reached skill level 12 in Maces & Flails
 11250 | Lair:2   | Slain by a snapping turtle

Illustrated notes

Levels and vault maps discovered:
D:1:      eino_arrival_water_star, layout_rooms, grunt_decor_junction
D:2:      layout_rooms, chequers_ecumenical_altar_simple
D:3:      layout_basic
D:4:      layout_loops_ring, lemuel_crystal_altar,
          minmay_temple_entry_purple_smoke, minmay_misc_feat_diagonals
D:5:      layout_basic, mainiacjoe_overflow_alcove_4, nicolae_grassy_gnolls
D:6:      layout_basic, yredelemnul_altar_generic, serial_shops, shop,
          grunt_decor_resistance, minmay_misc_feat_enclosed,
          minmay_ruined_shrine
D:7:      layout_loops_corners, elyvilon_altar_1, grunt_gozag_statues
D:8:      layout_basic, ploomutoo_gammafunk_ghost_potion_laboratory
D:9:      layout_roguey, ebering_ghost_gozag, minmay_misc_feat_chi,
          dk_vineyard_1
D:10:     gammafunk_mikee_crab_dinner, layout_basic,
          nicolae_tso_swordbearing_angel, dpeg_oklobed_lair
Temple:   nicolae_temple_bog_church
Lair:1:   layout_regular_city, infiniplex_staircase_pool
Lair:2:   layout_regular_city, minmay_shoals_entry_hut,
          minmay_snake_entry_six_corridors, basic_altar

Skill      XL: |  1  2  3  4  5  6  7  8  9 10 11 12 |
---------------+-------------------------------------+-----
Dodging        | 1 2 3 4 |  4.7
Armour         | 4 5 6 7 8 9 |  9.1
Maces & Flails | 3 4 5 6 8 10 11 12 | 12.0
Shields        | 4 5 7 8 9 |  9.7
Fighting       | 4 5 7 8 |  8.6
Stealth        | 1 |  1.3
Invocations    | 1 3 4 |  4.0
Evocations     | 1 3 |  3.6
Throwing       | |  0.1

Action                     |  1- 3 |  4- 6 |  7- 9 | 10-12 || total
---------------------------+-------+-------+-------+-------++-------
  Melee: Flail             |    95 |   133 |   196 |       ||   424
         Morningstar       |       |       |    77 |   601 ||   678
  Throw: Dart              |       |       |       |     8 ||     8
 Invoke: Heroism           |       |       |       |     2 ||     2
    Use: Scroll            |     6 |     4 |     3 |     5 ||    18
         Potion            |       |       |     2 |       ||     2
 Armour: Scale mail        |   131 |     8 |       |       ||   139
         Plate armour      |       |   216 |   339 |   468 ||  1023
  Dodge: Dodged            |    73 |    81 |   120 |   198 ||   472
  Block: Buckler           |    33 |    64 |   125 |   213 ||   435

Table legend: (Time is in decaauts)
 A = Elapsed time spent in this place.
 B = Non-inter-level travel time spent in this place.
 C = Inter-level travel time spent in this place.
 D = Time resting spent in this place.
 E = Time spent auto-exploring this place.
 F = Levels seen in this place.
 G = Mean time per level.
                   A        B        C        D        E       F      G
               +--------+--------+--------+--------+--------+-----+--------+
         Total |  11632 |  11221 |    411 |   1565 |   6089 |  13 |  894.8 |
       Dungeon |  10188 |   9829 |    359 |   1277 |   5442 |  10 | 1018.8 |
        Temple |    192 |    167 |     25 |      0 |      0 |   1 |  192.0 |
          Lair |   1250 |   1224 |     26 |    288 |    647 |   2 |  625.0 |
               +--------+--------+--------+--------+--------+-----+--------+

Top non-repeatable levels by time:
    D:10: 1570 daAuts
     D:4: 1217 daAuts
     D:9: 1216 daAuts
     D:6: 1159 daAuts
     D:7: 1077 daAuts
     D:8: 1053 daAuts
     D:5: 962 daAuts
  Lair:1: 787 daAuts
     D:3: 780 daAuts
     D:1: 714 daAuts
  Lair:2: 463 daAuts
     D:2: 436 daAuts
  Temple: 192 daAuts
